 Dungeon Crawl Stone Soup version bcrawl-1.18.1 (webtiles) character file.

Game seed: 14205020021476179019

322 Gumption the Gusty (level 6, -4/45 HPs)
             Began as a Djinni Air Elementalist on Nov 4, 2019.
             Slain by a bullfrog (7 damage)
             ... in a sewer.
             The game lasted 00:38:17 (4390 turns).

Gumption the Gusty (Djinni Air Elementalist)        Turns: 4390, Time: 00:38:18

Health: -4/45      AC:  3    Str: 10    XL:     6   Next: 22%
Magic:  8/12       EV: 11    Int: 20    God:
Gold:   287        SH:  0    Dex: 11    Spells: 4/14 levels left

rFire    . . .     SeeInvis .   a - +2 dagger (drain)
rCold    . . .     Gourm    .   (no shield)
rNeg     . . .     Faith    .   p - +0 leather armour
rPois    .         Spirit   .   (no helmet)
rElec    .         Reflect  .   (no cloak)
rCorr    .         Harm     .   (no gloves)
MR       .....     Rnd*Rage +   (boots unavailable)
Stlth    +.........             (no amulet)
HPRegen  0.15/turn              (no ring)
MPRegen  0.13/turn              (no ring)

@: flying
A: never pass out, berserk 2, blink, blurry vision 2, wild magic 2, MP-powered
wands, floating
a: Blink


You were in a sewer.
You were not hungry.

You visited 1 branch of the dungeon, and saw 4 of its levels.
You also visited: Sewer.

You collected 287 gold pieces.

Inventory:

Hand Weapons
 a - a +2 dagger of draining (weapon)
 b - a +0 hunting sling
Missiles
 f - 954 stones (quivered)
 h - 92 javelins
 u - 324 sling bullets
Armour
 d - a +0 ring mail
 p - a +0 leather armour (worn)
 q - a +0 shield
Scrolls
 i - a scroll of teleportation {unknown}
 j - a scroll of fog {unknown}
 m - a scroll of magic mapping
 n - a scroll of fear {unknown}
 o - a scroll of blinking
 t - a scroll of immolation {unknown}
 w - a scroll of remove curse {unknown}
Potions
 c - 2 potions of flight
 g - a potion of might
 k - a potion of lignification
 l - 2 potions of curing
 s - 2 potions of brilliance
 z - a potion of agility
Comestibles
 e - 4 rations {!d}
 x - 4 chunks of flesh


   Skills:
 - Level 2.0 Dodging
 - Level 1.5 Stealth
 + Level 4.6 Spellcasting
 * Level 4.3 Conjurations
 * Level 6.1 Air Magic


You had 4 spell levels left.
You knew the following spells:

 Your Spells              Type           Power        Failure   Level  Hunger
a - Shock                 Conj/Air       #####        6%          1    None
b - Swiftness             Chrm/Air       ####....     16%         2    #......
c - Static Discharge      Air            #####...     11%         3    ##.....
d - Airstrike             Air            #####.....   26%         4    ####...

Your spell library contained the following spells:

 Spells                   Type           Power        Failure   Level  Hunger
 Lightning Bolt           Conj/Air       #####.....   63%         5    ######.


Dungeon Overview and Level Annotations

Branches:
Dungeon (4/12)
 Temple: D:4-7

Altars:
Dithmenos
Gozag
Hepliaklqana
Makhleb


Innate Abilities, Weirdness & Mutations

You never pass out after going berserk.
You often lose your temper in combat.
You can translocate small distances at will.
Scrolls take you longer to read.
Your spells are harder to cast, but more powerful.
You expend magic power (3 MP) to strengthen your wands.
Your body floats in the air.


Message History

You feel much better. The bullfrog closely misses you.
The bullfrog barely misses you. The bullfrog misses you.
The bullfrog swells and bulges.
The bullfrog hits you!
* * * LOW HITPOINT WARNING * * *
Casting: Shock (safe; 6% risk of failure)
Confirm with . or Enter, or press ? or * to list all spells.
Aiming: Shock (safe; 6% risk of failure)
Press: ? - help, Shift-Dir - straight line, f/p - bullfrog
Aim: a bullfrog (water, almost dead, lightly drained)
The zap hits the bullfrog.
The bullfrog is severely wounded.
The zap hits the bullfrog.
The bullfrog is almost dead.
The bullfrog closely misses you. The bullfrog hits you.
* * * LOW HITPOINT WARNING * * *
The bullfrog hits you!
* * * LOW HITPOINT WARNING * * *
The bullfrog hits you!
You die...

#≈≈≈≈≈≈≈≈≈≈≈≈.≈≈≈
#≈≈≈≈≈≈≈≈≈≈≈..≈≈?
#.≈≈≈≈≈≈≈≈≈≈..≈)(
#≈≈≈≈≈≈≈≈≈..≈...(
#.≈≈≈≈≈≈≈≈≈..≈≈≈.
#≈≈≈≈≈#≈≈≈≈∩≈≈≈≈≈
#≈≈≈≈≈##≈≈≈≈≈≈≈≈≈
#l≈≈FF####≈≈≈≈≈≈≈
#.≈≈≈@# ###≈≈≈≈
#.≈≈≈.# ### #.≈≈≈≈#
#.≈≈≈≈#
#.≈≈≈≈################
#...≈≈≈≈≈.≈≈≈.........
######################


You could see 2 bullfrogs and a leopard gecko.

Vanquished Creatures
  An orc priest (D:3)
  3 orc wizards (D:3)
  An iguana (D:3)
  A worker ant (D:4)
  5 adders
  An ooze (D:2)
  2 worms
  4 dart slugs
  9 leopard geckos
  5 orcs
  2 ball pythons
  7 bats
  8 giant cockroaches
  7 goblins
  4 hobgoblins
  3 quokkas
  12 frilled lizards
  9 kobolds
  5 rats
89 creatures vanquished.

Notes
Turn   | Place    | Note
-------+----------+-------------------------------------------
     0 | D:1      | Gumption the Djinni Air Elementalist began the quest for
                  | the Orb.
     0 | D:1      | Reached XP level 1. HP: 14/14 MP: 4/4
   580 | D:1      | Reached XP level 2. HP: 17/20 MP: 1/6
   630 | D:1      | Learned a level 2 spell: Swiftness
   777 | D:1      | Reached skill level 4 in Air Magic
  1611 | D:2      | Reached XP level 3. HP: 26/26 MP: 1/7
  1669 | D:2      | Learned a level 3 spell: Static Discharge
  2668 | D:3      | Gained mutation: Your spells are harder to cast, but more
                  | powerful. [Djinni growth]
  2668 | D:3      | Gained mutation: You can translocate small distances at
                  | will. [Djinni growth]
  2668 | D:3      | Reached XP level 4. HP: 30/33 MP: 3/9
  2723 | D:2      | Learned a level 4 spell: Airstrike
  2831 | D:3      | Found a burning altar of Makhleb.
  2860 | D:3      | Found an opulent altar of Gozag.
  2953 | D:3      | Found a hazy altar of Hepliaklqana.
  2954 | D:3      | Found a shadowy altar of Dithmenos.
  3029 | D:3      | Reached skill level 5 in Air Magic
  3073 | D:3      | Reached XP level 5. HP: 38/38 MP: 5/11
  3909 | D:4      | Found a glowing drain.
  3924 | D:4      | Reached XP level 6. HP: 45/45 MP: 5/12
  3926 | Sewer    | Entered a sewer
  3977 | Sewer    | Reached skill level 6 in Air Magic
  4386 | Sewer    | HP: 1/45 [bullfrog (5)]
  4390 | Sewer    | Slain by a bullfrog

Skill      XL: |  1  2  3  4  5  6 |
---------------+-------------------+-----
Air Magic      | 4 5 6 |  6.1
Conjurations   | 2 3 4 |  4.3
Spellcasting   | 4 |  4.6
Dodging        | |  2.0
Stealth        | |  1.5

Action                   |  1- 3 |  4- 6 || total
-------------------------+-------+-------++-------
Melee: Dagger            |    12 |    12 ||    24
Throw: Stone             |       |     1 ||     1
 Cast: Shock             |    88 |    84 ||   172
  Use: Scroll            |     5 |     3 ||     8
       Potion            |     1 |     1 ||     2
  Eat: Chunk             |     5 |     5 ||    10
Armor: Robe              |     7 |       ||     7
       Leather armour    |     6 |     9 ||    15
Dodge: Dodged            |    24 |    33 ||    57
